 Dungeon Crawl Stone Soup version 0.29-a0-824-gd827844252 (webtiles) character file.

Game seed: 10806780182293008843

57 jimonade the Chiller (level 3, -2/20 HPs)
             Began as a Deep Elf Ice Elementalist on July 9, 2022.
             Slain by a gnoll
             ... wielding a +0 whip
              (4 damage)
             ... on level 2 of the Dungeon.
             The game lasted 00:05:06 (1526 turns).

jimonade the Chiller (Deep Elf Ice Elementalist)    Turns: 1526, Time: 00:05:06

Health: -2/20      AC:  3    Str:  7    XL:     3   Next: 73%
Magic:  6/10       EV: 12    Int: 19    God:
Gold:   58         SH:  0    Dex: 15    Spells: 8/9 levels left

rFire   . . .      SeeInvis .   i - +0 sling (flame)
rCold   . . .      Faith    .   (no shield)
rNeg    . . .      Spirit   .   a - +0 robe
rPois   .          Reflect  .   j - +0 helmet
rElec   .          Harm     .   (no cloak)
rCorr   .          Rampage  .   (no gloves)
Will    .....                   (no boots)
Stlth   ++........              (no amulet)
HPRegen 0.06/turn               (no ring)
MPRegen 0.12/turn               (no ring)

@: no status effects
A: no striking features
a: no special abilities


You were on level 2 of the Dungeon.
You visited 1 branch of the dungeon, and saw 2 of its levels.

You collected 58 gold pieces.

Inventory:

Hand Weapons
 f - a +0 dagger
 i - a +0 sling of flaming (weapon)
Missiles
 o - 7 stones
Armour
 a - a +0 robe (worn)
 j - a +0 helmet (worn)
 m - a +0 ring mail
Jewellery
 p - an amulet of magic regeneration
Scrolls
 c - 3 scrolls of noise {unknown}
 h - a scroll of enchant weapon {unknown}
 k - 2 scrolls of acquirement {unknown}
 l - a scroll of poison {unknown}
 n - 3 scrolls of identify {unknown}
Potions
 b - a potion of magic
 d - a potion of lignification {unknown}
 e - a potion of brilliance {unknown}
 g - 2 potions of curing {unknown}


   Skills:
 * Level 0.4 Fighting
 + Level 1.2 Ranged Weapons
 + Level 2.4 Dodging
 - Level 2.4 Stealth
 * Level 3.7 Spellcasting
 * Level 1.1 Conjurations
 * Level 0.5 Transmutations
 * Level 1.1 Fire Magic
 + Level 4.7 Ice Magic
 * Level 0.2 Poison Magic


You had 8 spell levels left.
You knew the following spells:

 Your Spells              Type           Power      Damage    Failure   Level
a - Freeze                Ice            84%        1d10      1%          1

Your spell library contained the following spells:

 Spells                   Type           Power      Damage    Failure   Level
 Frozen Ramparts          Ice            42%        1d6       6%          3
 Ozocubu's Armour         Ice            21%        N/A       6%          3
 Ignite Poison            Fire/Tmut/Pois 5%         N/A       32%         3
 Mephitic Cloud           Conj/Pois/Air  5%         N/A       34%         3
 Hailstorm                Conj/Ice       14%        3d5       38%         4
 Freezing Cloud           Conj/Ice/Air   5%         6-21      86%         5


Dungeon Overview and Level Annotations

Branches:
Dungeon (2/15)

Altars:
Wu Jian

Shops:
D:1 *


Message History

The gnoll barely misses you.
Casting: Freeze (safe; 1% risk of failure)
Confirm with . or Enter, or press ? or * to list all spells.
Okay, then.
Casting: Freeze (safe; 1% risk of failure)
Confirm with . or Enter, or press ? or * to list all spells.
Aiming: Freeze (safe; 1% risk of failure)
Press: ? - help, Shift-Dir - straight line, f/p - gnoll
Aim: a gnoll, wielding a +0 club (moderately wounded)
You freeze the gnoll.
The gnoll is severely wounded.
The gnoll closely misses you.
Casting: Freeze (safe; 1% risk of failure)
Confirm with . or Enter, or press ? or * to list all spells.
Aiming: Freeze (safe; 1% risk of failure)
Press: ? - help, Shift-Dir - straight line, f/p - gnoll
Aim: a gnoll, wielding a +0 club (severely wounded)
You freeze the gnoll!
You kill the gnoll!
Your Conjurations skill increases to level 1!
You see here a +0 club.
Casting: Freeze (safe; 1% risk of failure)
Confirm with . or Enter, or press ? or * to list all spells.
Aiming: Freeze (safe; 1% risk of failure)
Press: ? - help, Shift-Dir - straight line, f - gnoll
Aim: a gnoll, wielding a +0 spear You freeze the gnoll.
The gnoll is moderately wounded.
The gnoll hits you with a +0 spear! The gnoll misses you.
Casting: Freeze (safe; 1% risk of failure)
Confirm with . or Enter, or press ? or * to list all spells.
Aiming: Freeze (safe; 1% risk of failure)
Press: ? - help, Shift-Dir - straight line, f/p - gnoll
Aim: a gnoll, wielding a +0 spear (moderately wounded)
You freeze the gnoll!
The gnoll is almost dead.
The gnoll hits you with a +0 spear.
* * * LOW HITPOINT WARNING * * *
The gnoll hits you with a +0 whip.
You die...

..........# .........#.#
#$.!....#.# #.......#.#
#.......#.#
#.......#.##### +#.##
#>........... ......
#...#.#g##.. .......
#...#g@.# .......
###...##### ......
.###........# #....
#............# ..# #....
#.###........# #...#
#.... ............# #...#
#.... ####........#
#...######....
#.<......###...##........
#........#...# ##.##.##.#


You could see 2 gnolls.

Vanquished Creatures
  A gnoll (D:2)
  2 adders (D:2)
  3 ball pythons (D:2)
  3 bats
  2 giant cockroaches
  4 goblins
  2 hobgoblins
  2 jackals (D:1)
  4 quokkas
  A frilled lizard (D:1)
  3 kobolds
27 creatures vanquished.

Notes
Turn   | Place    | Note
-------+----------+-------------------------------------------
     0 | D:1      | jimonade the Deep Elf Ice Elementalist began the quest for
                  | the Orb.
     0 | D:1      | Reached XP level 1. HP: 10/10 MP: 6/6
   161 | D:1      | Reached XP level 2. HP: 5/15 MP: 6/8
   359 | D:1      | Found Zudan's Assorted Antiques.
  1132 | D:2      | Reached skill level 1 in Ranged Weapons
  1132 | D:2      | Reached XP level 3. HP: 14/20 MP: 4/9
  1340 | D:2      | Found an ornate altar of the Wu Jian Council.
  1467 | D:2      | Reached skill level 1 in Fire Magic
  1524 | D:2      | Reached skill level 1 in Conjurations
  1526 | D:2      | Slain by a gnoll

Illustrated notes

Levels and vault maps discovered:
D:1:      scummos_arrival_star, layout_loops_ring, serial_shops, shop,
          chequers_serial_rivers_large_a
D:2:      layout_basic, basic_altar, uniq_crazy_yiuf_cottage

Skill      XL: |  1  2  3 |
---------------+----------+-----
Ranged Weapons | 1 |  1.2
Fire Magic     | 1 |  1.1
Conjurations   | 1 |  1.1
Fighting       | |  0.4
Dodging        | |  2.4
Stealth        | |  2.4
Spellcasting   | |  3.7
Transmutations | |  0.5
Ice Magic      | |  4.7
Poison Magic   | |  0.2

Action                   || total
-------------------------++-------
 Fire: Sling             ||    44
 Cast: Freeze            ||    25
Armor: Robe              ||     5
Dodge: Dodged            ||    22

Table legend: (Time is in decaauts)
 A = Elapsed time spent in this place.
 B = Non-inter-level travel time spent in this place.
 C = Inter-level travel time spent in this place.
 D = Time resting spent in this place.
 E = Time spent auto-exploring this place.
 F = Levels seen in this place.
 G = Mean time per level.
                   A        B        C        D        E       F      G
               +--------+--------+--------+--------+--------+-----+--------+
         Total |   1552 |   1532 |     20 |    361 |    854 |   2 |  776.0 |
       Dungeon |   1552 |   1532 |     20 |    361 |    854 |   2 |  776.0 |
               +--------+--------+--------+--------+--------+-----+--------+

Top non-repeatable levels by time:
     D:1: 1241 daAuts
     D:2: 311 daAuts
